Map: Divergence LE

Players

castoR - Winner!

  • Race: Protoss Protoss
  • League: Diamond
  • Spawn Location: 5:00

Marco - Winner!

  • Race: Terran Terran
  • Spawn Location: 5:00

Massa

  • Race: Terran Terran
  • League: Gold
  • Spawn Location: 11:00

qqq

  • Race: Zerg Zerg
  • League: Platinum
  • Spawn Location: 11:00

VOD

Have the link to the VOD?

Description

Time

  • Played on: July 31, 2020, 7:46 a.m.
  • Length: 15:24
Show
View Real Time Build Order
Export as new Build Order

castoR Protoss - Winner!

Build Orders: Carriers 

Get SALT Encoding   

  12  0:04  Probe  
  13  0:16  Probe  
  13  0:18  Pylon  
  14  0:28  Probe  
  15  0:39  Gateway  
  15  0:40  Probe (Chrono Boost)  
  16  0:52  Probe (Chrono Boost)  
  16  0:55  Forge  
  17  1:10  Probe  
  18  1:12  Assimilator  
  18  1:18  Pylon  
  18  1:23  Probe  
  19  1:29  Cybernetics Core  
  19  1:36  Photon Cannon  
  19  1:44  Gateway  
  19  1:50  Pylon  
  19  1:59  Pylon  
  19  2:15  Probe  
  19  2:19  Photon Cannon  
  19  2:22  Photon Cannon  
  20  2:28  Probe  
  20  2:36  Assimilator  
  20  2:39  Pylon  
  20  2:40  Probe  
  21  2:55  Probe  
  22  3:09  Probe  
  23  3:15  Nexus  
  23  3:18  Pylon  
  23  3:21  Probe  
  23  3:25  Stargate  
  24  3:40  Adept (Chrono Boost)  
  25  3:50  Warp Gate  
  25  3:52  Probe  
  26  3:56  Photon Cannon  
  26  4:04  Probe  
  27  4:12  Stalker  
  27  4:16  Probe  
  30  4:18  Photon Cannon  
  30  4:19  Shield Battery  
  30  4:23  Oracle (Chrono Boost)  
  30  4:29  Probe  
  34  4:31  Probe  
  35  4:41  Probe  
  35  4:44  Probe  
  37  4:53  Probe  
  38  5:02  Stargate  
  38  5:03  Pylon  
  38  5:04  Phoenix  
  40  5:09  Probe (Chrono Boost)  
  40  5:10  Probe (Chrono Boost)  
  42  5:15  Photon Cannon  
  42  5:19  Assimilator  
  43  5:27  Probe (Chrono Boost)  
  43  5:28  Probe (Chrono Boost)  
  44  5:43  Phoenix  
  46  5:50  Probe  
  46  5:55  Probe  
  48  6:01  Phoenix (Chrono Boost), Assimilator  
  50  6:06  Probe  
  50  6:08  Phoenix (Chrono Boost)  
  53  6:14  Probe  
  53  6:18  Probe  
  55  6:20  Phoenix (Chrono Boost)  
  57  6:27  Probe  
  57  6:30  Probe  
  59  6:33  Zealot  
  61  6:40  Probe  
  62  6:52  Probe x2  
  62  7:06  Phoenix  
  62  7:13  Fleet Beacon  
  62  7:17  Pylon  
  62  7:18  Pylon  
  62  7:35  Probe x2, Phoenix x2, Pylon  
  68  7:40  Pylon  
  68  7:45  Nexus  
  68  7:46  Pylon  
  68  7:47  Probe  
  68  7:50  Pylon  
  67  8:00  Carrier  
  73  8:12  Phoenix  
  75  8:26  Probe  
  76  8:31  Probe, Photon Cannon  
  76  8:34  Photon Cannon  
  77  8:35  Pylon  
  77  8:36  Photon Cannon  
  77  8:37  Phoenix  
  79  8:47  Stargate  
  79  8:49  Cybernetics Core  
  79  9:02  Protoss Shields Level 1 (Chrono Boost)  
  79  9:12  Carrier  
  85  9:19  Assimilator  
  85  9:20  Protoss Air Weapons Level 1 (Chrono Boost)  
  85  9:23  Assimilator  
  85  9:36  Protoss Air Armor Level 1 (Chrono Boost)  
  85  9:37  Pylon  
  85  9:39  Pylon  
  85  9:41  Probe  
  85  9:42  Pylon  
  84  10:09  Carrier x2  
  102  10:31  Carrier (Chrono Boost)  
  102  10:35  Probe  
  103  10:43  Probe  
  103  10:47  Probe  
  105  10:55  Probe, Zealot  
  108  10:59  Probe, Gateway  
  108  11:00  Gateway  
  108  11:02  Gateway  
  109  11:04  Twilight Council  
  109  11:08  Probe  
  110  11:11  Probe  
  113  11:22  Void Ray (Chrono Boost)  
  113  11:25  Carrier (Chrono Boost)  
  117  11:36  Void Ray (Chrono Boost)  
  117  11:38  Protoss Air Weapons Level 2 (Chrono Boost)  
  117  11:39  Twilight Council  
  117  11:41  Probe, Gateway  
  117  11:43  Zealot  
  117  11:45  Protoss Air Armor Level 2 (Chrono Boost)  
  120  11:54  Probe  
  120  11:57  Probe  
  120  11:58  Probe  
  123  12:06  Probe  
  130  12:10  Nexus  
  130  12:11  Pylon  
  130  12:13  Carrier x2 (Chrono Boost)  
  136  12:15  Pylon  
  131  12:24  Void Ray  
  135  12:30  Probe  
  135  12:33  Robotics Facility  
  136  13:10  Carrier (Chrono Boost)  
  136  13:11  Carrier (Chrono Boost)  
  154  13:36  Zealot x3  
  154  13:37  Zealot x2  
  154  13:38  Carrier (Chrono Boost)  
  164  13:47  Probe  
  165  13:53  Probe  
  162  14:00  Observer (Chrono Boost)  
  162  14:01  Probe  
  164  14:03  Photon Cannon  
  164  14:04  Photon Cannon  
  164  14:06  Shield Battery  
  164  14:10  Probe  
  164  14:14  Carrier (Chrono Boost), Zealot x2  
  164  14:15  Zealot x3  
  181  14:19  Probe  
  182  14:28  Photon Cannon  
  182  14:32  Photon Cannon  
  182  14:33  Photon Cannon  
  182  14:36  Assimilator  
  182  14:40  Assimilator  
Show
View Real Time Build Order
Export as new Build Order

Marco Terran - Winner!

Build Orders:  

Get SALT Encoding   

  12  0:01  SCV  
  13  0:13  SCV  
  14  0:23  Supply Depot  
  14  0:25  SCV  
  15  0:31  Refinery  
  15  0:44  SCV  
  15  0:46  Barracks  
  16  0:56  SCV  
  17  1:08  SCV  
  18  1:20  SCV  
  19  1:38  Orbital Command  
  19  1:48  Marine  
  20  1:57  Command Center  
  20  2:04  Supply Depot  
  20  2:07  SCV  
  21  2:19  SCV, Marine  
  23  2:24  Barracks  
  23  2:35  SCV  
  24  2:41  Factory  
  24  2:47  Barracks Tech Lab, SCV  
  25  2:59  SCV  
  25  3:00  Refinery  
  26  3:06  Supply Depot  
  26  3:08  Marauder  
  26  3:09  Stimpack  
  26  3:11  SCV  
  26  3:12  Barracks Reactor  
  29  3:20  Refinery, Orbital Command  
  29  3:23  SCV  
  30  3:29  Marine  
  31  3:35  Starport, Factory Reactor  
  31  3:45  SCV x2  
  31  3:48  Marine  
  34  3:57  SCV  
  34  4:00  Supply Depot  
  34  4:01  Marine  
  34  4:02  Marine  
  36  4:20  SCV x2  
  36  4:22  Marauder, Marine x2  
  42  4:27  Factory Tech Lab  
  42  4:35  Medivac x2  
  46  4:50  Marine x2  
  48  4:56  Engineering Bay  
  48  4:58  Command Center  
  48  5:00  Refinery  
  48  5:02  Widow Mine  
  48  5:06  SCV x2  
  52  5:10  Orbital Command  
  52  5:18  Marauder, Marine x2  
  52  5:19  Medivac  
  58  5:35  Marine x2  
  58  5:38  SCV x2  
  62  6:07  Missile Turret  
  62  6:09  Marine x2  
  62  6:10  Marauder  
  66  6:31  Marauder  
  62  6:53  Marauder  
  62  6:54  SCV x3  
  66  7:06  SCV x2  
  68  7:31  Factory x3  
  68  7:36  Orbital Command  
  68  7:39  Refinery  
  68  7:40  SCV x2  
  70  7:44  Missile Turret  
  70  7:46  Missile Turret  
  70  7:52  SCV  
  70  7:56  SCV  
  72  7:59  Marauder, Marine x2  
  72  8:03  Supply Depot  
  72  8:04  SCV, Supply Depot  
  72  8:05  Supply Depot  
  77  8:08  SCV  
  71  8:21  Marauder, Marine x2  
  71  8:23  Factory Tech Lab  
  71  8:24  Factory Tech Lab x2  
  75  8:28  Armory  
  75  8:30  Armory  
  75  8:33  SCV x3  
  78  8:42  Marauder  
  78  8:47  SCV x3  
  83  8:52  Refinery  
  83  9:03  Marauder  
  83  9:08  Marine  
  83  9:09  Marine  
  87  9:19  Thor x2  
  96  9:25  Marauder  
  96  9:26  Marine x2  
  96  9:30  SCV  
  101  9:40  Command Center  
  101  9:41  SCV  
  101  9:42  SCV  
  101  9:47  SCV  
  101  9:51  Marauder  
  100  9:53  Hellbat  
  99  10:06  Thor  
  100  10:09  Thor  
  100  10:11  Thor  
  96  10:39  Marauder, Marine x2  
  100  10:56  Barracks  
  100  10:57  Marine  
  100  10:59  Barracks  
  100  11:00  Barracks  
  100  11:01  Barracks  
  101  11:09  Supply Depot x2  
  101  11:10  Supply Depot  
  101  11:11  Supply Depot x2  
  101  11:12  Supply Depot  
  101  11:13  Supply Depot x4  
  101  11:15  Supply Depot x2  
  101  11:16  Supply Depot x2  
  101  11:30  Marine, Medivac  
  101  11:31  Marauder, Thor x2, Siege Tank x2  
  124  11:32  Refinery  
  124  11:33  Command Center  
  124  11:35  Refinery  
  124  11:46  Terran Vehicle And Ship Armor Level 1, Terran Vehicle Weapons Level 1  
  124  11:50  Barracks Reactor x2, Barracks Tech Lab x2  
  124  11:52  Marauder  
  126  11:55  Marine  
  126  11:56  Marine  
  126  11:59  SCV x2  
  126  12:00  SCV  
  131  12:03  Siege Tank x2  
  137  12:11  SCV x2  
  137  12:12  SCV  
  137  12:14  Marauder  
  142  12:19  Missile Turret  
  142  12:21  Missile Turret  
  142  12:30  Thor x2  
  142  12:31  Marine x4  
  142  12:32  Marine  
  142  12:35  Marauder  
  161  12:45  Siege Tank  
  161  12:46  Siege Tank  
  161  12:48  Marauder  
  169  13:13  Siege Tank  
  129  13:56  Thor x2  
  129  13:57  Thor x2  
  129  13:58  Marine x7  
  129  13:59  Marine x2  
  162  14:03  Orbital Command  
  162  14:15  Marine  
  163  14:39  Thor x2  
  163  14:40  SCV x2  
  163  14:41  SCV x2  
  179  14:52  SCV  
Show
View Real Time Build Order
Export as new Build Order

Massa Terran 

Build Orders:  

Get SALT Encoding   

  12  0:01  SCV  
  13  0:13  SCV  
  14  0:18  Supply Depot  
  14  0:25  SCV  
  15  0:29  Refinery  
  15  0:40  SCV  
  16  0:45  Barracks  
  16  0:52  SCV  
  17  1:04  SCV  
  18  1:16  SCV  
  19  1:28  SCV  
  20  1:39  Factory, Marine, Supply Depot  
  21  1:40  SCV  
  22  1:53  SCV  
  23  2:00  Marine  
  24  2:05  SCV  
  25  2:36  Marine  
  26  2:38  Factory Tech Lab  
  26  2:40  Barracks  
  24  2:53  Marine  
  24  4:10  Orbital Command  
  24  4:18  Refinery  
  24  4:20  Refinery  
  24  4:49  Barracks Tech Lab  
  24  4:50  Command Center  
  24  4:54  Siege Tank  
  24  4:56  SCV  
  28  5:06  Marine  
  29  5:08  SCV  
  30  5:15  Supply Depot  
  30  5:21  Supply Depot  
  30  5:25  Marauder  
  30  5:37  Widow Mine  
  29  5:55  SCV  
  30  6:10  SCV  
  30  6:35  SCV  
  30  6:38  Orbital Command  
  31  6:47  SCV  
  32  6:59  SCV  
  33  7:09  Widow Mine  
  33  7:11  SCV  
  33  7:12  Marauder, Marine  
  39  7:23  SCV  
  39  7:29  Marine  
  40  7:30  Widow Mine  
  40  7:33  Marauder  
  40  7:35  SCV, Barracks  
  46  7:42  Stimpack  
  43  7:55  Marauder  
  43  8:05  SCV x2  
  45  8:16  Marauder  
  45  8:17  SCV  
  45  8:18  SCV  
  49  8:20  Engineering Bay  
  49  8:26  Barracks Reactor  
  49  8:27  Marine  
  49  8:28  Barracks  
  49  8:30  SCV  
  49  8:31  Widow Mine  
  49  8:33  SCV  
  54  8:37  Marine  
  55  8:42  SCV  
  55  8:44  Marine  
  55  8:45  SCV  
  58  8:51  Missile Turret  
  58  8:52  Widow Mine  
  58  8:54  Missile Turret  
  62  8:55  Marauder  
  62  9:11  Supply Depot  
  62  9:12  Missile Turret  
  62  9:13  Supply Depot  
  62  9:14  Refinery  
  62  9:16  Supply Depot  
  62  9:19  Barracks Tech Lab  
  62  9:32  Marine x3  
  62  9:33  Widow Mine, SCV, Marauder  
  62  9:36  Supply Depot  
  62  9:38  Supply Depot  
  70  9:41  Supply Depot  
  70  9:46  Concussive Shells  
  70  9:48  Combat Shield  
  70  9:50  Marine x2  
  72  9:54  Marine  
  68  10:08  Marine  
  68  10:12  Marauder  
  53  10:30  Marauder, Marine x2  
  53  10:31  Marine  
  53  10:32  SCV x2  
  53  10:34  Marauder  
  62  10:42  Command Center  
  62  10:43  Terran Infantry Weapons Level 1  
  62  10:44  SCV  
  62  10:45  SCV  
  62  10:48  Marine x3, Siege Tank  
  70  10:52  Marauder  
  70  10:54  Marine  
  70  10:56  SCV  
  75  10:57  SCV  
  75  11:06  Marine x3  
  78  11:12  Marine x2  
  78  11:14  SCV x2  
  79  11:23  Marine  
  79  11:24  Marine x2  
  80  11:26  SCV  
  80  11:27  SCV  
  80  11:30  Marine  
  83  11:37  Starport  
  83  11:38  SCV  
  83  11:39  SCV  
  85  11:46  Siege Tank  
  88  11:47  Marine  
  88  11:48  Marauder x2, Marine  
  95  11:55  Orbital Command  
  95  12:01  Command Center  
  95  12:05  Marine  
  95  12:06  Barracks Tech Lab, Marine  
  96  12:08  Marine  
  96  12:09  Marine  
  98  12:18  Siege Tank  
  101  12:23  Marine x2  
  101  12:26  Marine  
  101  12:27  Marine  
  101  12:29  Missile Turret  
  105  12:31  Missile Turret  
  105  12:37  Terran Infantry Armor Level 1  
  105  12:41  Armory, Marine x2  
  105  12:42  Refinery  
  107  12:48  SCV  
  107  12:49  SCV  
  109  12:55  Orbital Command  
  105  13:01  SCV x2  
  107  13:13  SCV x2  
  109  13:25  SCV x2  
  93  13:37  SCV x2  
  51  13:49  Marauder x3, Marine  
  51  13:50  Marine  
  51  13:52  Thor  
  51  13:55  Medivac  
  67  14:02  SCV  
  68  14:03  SCV x2  
  68  14:07  Marine  
  68  14:08  Marine  
  72  14:10  Marauder  
  72  14:11  Marauder x2  
  72  14:15  Factory  
  78  14:18  Factory  
  78  14:25  Marine x2  
  78  14:28  Refinery  
  80  14:31  Marauder  
  80  14:32  Marauder x2  
  86  14:43  Marine x2  
  88  14:53  Marauder x3  
  94  15:01  Marine  
  94  15:02  Marine  
  94  15:06  Factory Reactor  
  96  15:07  Factory Tech Lab  
Show
View Real Time Build Order
Export as new Build Order

qqq Zerg 

Build Orders: Hatch First 

Get SALT Encoding   

  12  0:02  Drone  
  13  0:09  Drone  
  14  0:38  Hatchery  
  14  0:39  Drone  
  14  0:56  Spawning Pool  
  13  1:02  Overlord  
  13  1:07  Drone  
  14  1:11  Extractor  
  14  1:14  Drone  
  14  1:51  Queen  
  16  1:54  Drone  
  16  1:55  Drone, Zergling x4  
  20  2:03  Queen  
  22  2:10  Drone  
  22  2:12  Drone  
  23  2:29  Drone x2  
  25  2:31  Drone x2  
  27  2:40  Drone  
  28  2:48  Metabolic Boost  
  28  3:05  Overlord  
  28  3:07  Overlord  
  28  3:16  Overlord  
  28  3:33  Zergling x6  
  31  3:39  Roach Warren  
  30  3:43  Zergling x4  
  30  3:44  Hatchery  
  30  3:46  Zergling x2  
  32  3:50  Drone  
  32  3:52  Drone  
  34  4:02  Drone, Spine Crawler  
  34  4:06  Drone  
  33  4:18  Drone x2  
  33  4:19  Drone x2  
  33  4:23  Zergling x2  
  38  4:25  Zergling x2  
  38  4:30  Drone  
  40  4:35  Drone x2  
  42  4:39  Lair  
  42  4:45  Drone  
  43  4:50  Drone  
  44  4:53  Drone  
  44  4:57  Roach  
  47  5:05  Pneumatized Carapace  
  47  5:07  Drone  
  47  5:08  Drone x2  
  47  5:09  Drone  
  47  5:10  Drone  
  47  5:12  Drone  
  47  5:13  Drone, Roach  
  47  5:14  Drone  
  57  5:16  Extractor  
  57  5:20  Drone  
  57  5:23  Overlord  
  57  5:26  Spore Crawler  
  56  5:29  Spore Crawler  
  56  5:31  Drone, Spore Crawler  
  56  5:32  Drone  
  56  5:34  Drone x2  
  58  5:37  Extractor  
  58  5:38  Zergling x2, Overlord  
  58  5:41  Overlord  
  58  5:55  Roach x4  
  58  5:56  Overlord  
  66  5:59  Drone x2  
  68  6:08  Roach x2  
  68  6:10  Glial Reconstitution  
  72  6:13  Overseer  
  71  6:22  Roach x6  
  77  6:38  Roach  
  77  6:39  Roach x3  
  81  6:53  Overlord  
  81  6:54  Overlord x2  
  77  7:06  Roach  
  77  7:07  Roach  
  76  7:11  Drone  
  76  7:12  Extractor  
  70  7:18  Drone x3  
  70  7:20  Drone  
  70  7:28  Roach x3  
  74  7:34  Hatchery  
  73  7:39  Drone  
  73  7:40  Hatchery  
  73  7:41  Spire  
  72  7:47  Drone x2  
  60  8:13  Evolution Chamber  
  60  8:14  Evolution Chamber  
  48  8:26  Roach x2  
  48  8:27  Roach x8  
  64  8:40  Zerg Melee Weapons Level 1  
  64  8:42  Zerg Ground Armor Level 1  
  64  8:44  Roach x4  
  72  8:52  Drone  
  73  8:58  Corruptor x2  
  73  9:00  Corruptor  
  79  9:07  Spore Crawler  
  79  9:08  Drone x2  
  80  9:10  Roach  
  82  9:25  Drone, Spore Crawler  
  82  9:26  Roach x3  
  82  9:28  Spore Crawler  
  81  9:52  Roach  
  81  9:53  Roach x8  
  73  10:04  Roach x2  
  73  10:10  Drone x3  
  76  10:14  Spore Crawler  
  76  10:16  Corruptor  
  76  10:19  Corruptor  
  79  10:23  Drone  
  80  10:33  Corruptor  
  80  10:34  Corruptor  
  84  10:38  Corruptor  
  84  10:41  Drone  
  87  10:47  Ravager x3  
  87  10:48  Ravager x4  
  94  10:52  Drone  
  94  10:57  Corruptor  
  97  11:12  Corruptor  
  97  11:15  Drone x3  
  102  11:28  Corruptor x2  
  106  11:38  Overlord x2  
  106  11:39  Overlord x2  
  106  11:44  Hatchery  
  106  11:45  Drone, Spine Crawler  
  105  11:49  Drone  
  105  11:51  Overlord  
  106  12:00  Corruptor x2  
  110  12:01  Drone  
  111  12:23  Corruptor x4  
  119  12:34  Zerg Flyer Armor Level 1  
  119  12:39  Drone x3  
  122  12:52  Infestation Pit  
  122  12:58  Drone  
  95  13:32  Roach x6  
  95  13:33  Drone x5  
  95  13:34  Drone  
  106  13:50  Roach x2  
  106  13:51  Drone x2  
  112  13:59  Hatchery  
  112  14:01  Hatchery  
  110  14:11  Roach x4  
  110  14:12  Drone x2  
  110  14:13  Drone x2  
  122  14:18  Corruptor x2  
  122  14:19  Corruptor x2  
  130  14:31  Hatchery  
  114  14:38  Zergling x4  
  114  14:39  Drone, Zergling x4  
  114  14:40  Drone  
  99  14:48  Corruptor x2  
  89  15:05  Hatchery  
  73  15:15  Hatchery  
Tags
 
Add a new tag
Caveats
  • Supply blocks, unpowered buildings, or Contaminate may cause inaccurate times.
  • Supply counts are checked every 10 seconds.